 Dungeon Crawl Stone Soup version 0.31-a0-791-g6eb203d (webtiles) character file.

Game seed: 8277956324401860766

119 BarneyGumball the Arsonist (level 5, 37/37 HPs)
             Began as a Gnoll Wanderer on Sept 17, 2023.
             Quit the game on level 4 of the Dungeon on Sept 18, 2023.
             The game lasted 00:08:04 (3357 turns).

BarneyGumball the Arsonist (Gnoll Wanderer)         Turns: 3357, Time: 00:08:05

Health: 37/37      AC:  3    Str: 12    XL:     5   Next: 3%
Magic:  9/9        EV: 11    Int: 11    God:
Gold:   196        SH:  0    Dex: 13    Spells: 9/10 levels left

rFire   . . .        a - +0 quarterstaff
rCold   . . .        (shield currently unavailable)
rNeg    . . .        e - +0 leather armour
rPois   .            (no helmet)
rElec   .            (no cloak)
rCorr   .            (no gloves)
SInv    .            (no boots)
Will    .....        (no amulet)
Stlth   +            (no ring)
HPRegen 0.26/turn    (no ring)
MPRegen 0.11/turn

%: no passive effects
@: no status effects
A: fangs 1, strong nose, distributed training
a: no special abilities


You were on level 4 of the Dungeon.
You visited 1 branch of the dungeon, and saw 4 of its levels.

You collected 196 gold pieces.

Inventory:

Hand Weapons
 a - a +0 quarterstaff (weapon)
 i - a +0 sling
 o - a +2 dagger of holy wrath
Missiles
 b - 8 poisoned darts (quivered)
Armour
 e - a +0 leather armour (worn)
Jewellery
 p - the ring "Nunaloox" {Fire rElec Will+ rCorr Int+3}
   (You found it on level 2 of the Dungeon)

   [ring of fire]

   Fire:      It enhances your fire magic.
   Int+3:     It affects your intelligence (+3).
   rF+:       It protects you from fire.
   rC-:       It makes you vulnerable to cold.
   rElec:     It insulates you from electricity.
   Will+:     It increases your willpower.
   rCorr:     It protects you from acid and corrosion.
Scrolls
 c - a scroll of poison {unknown}
 d - 3 scrolls of teleportation
 f - a scroll of vulnerability {unknown}
 k - a scroll of revelation {unknown}
 m - a scroll of silence {unknown}
 n - a scroll of fog {unknown}
 q - a scroll of identify {unknown}
 r - a scroll of fear {unknown}
Potions
 g - a potion of haste {unknown}
 h - a potion of heal wounds {unknown}
 j - 3 potions of curing {unknown}
 l - a potion of mutation {unknown}


   Skills:
 + Level 1.3 Fighting
 + Level 1.3 Short Blades
 + Level 1.3 Long Blades
 + Level 1.3 Axes
 + Level 1.3 Maces & Flails
 + Level 1.3 Polearms
 + Level 2.9 Staves
 + Level 1.3 Ranged Weapons
 + Level 4.7 Throwing
 + Level 1.3 Armour
 + Level 1.3 Dodging
 + Level 1.3 Stealth
 + Level 1.3 Shields
 + Level 1.3 Unarmed Combat
 + Level 3.1 Spellcasting
 + Level 1.1 Conjurations
 + Level 1.1 Hexes
 + Level 1.1 Summonings
 + Level 1.1 Necromancy
 + Level 1.1 Translocations
 + Level 1.1 Transmutations
 + Level 8.8 Fire Magic
 + Level 1.1 Ice Magic
 + Level 1.1 Air Magic
 + Level 1.1 Earth Magic
 + Level 1.1 Poison Magic
 + Level 1.5 Invocations
 + Level 2.9 Evocations
 + Level 1.2 Shapeshifting


You had 9 spell levels left.
You knew the following spells:

 Your Spells              Type           Power      Damage    Failure   Level
a - Foxfire               Conj/Fire      48%        2x1d6     4%          1

Your spell library contained the following spells:

 Spells                   Type           Power      Damage    Failure   Level
 Volatile Blastmotes      Fire/Tloc      24%        2d12      13%         3
 Kiss of Death            Conj/Necr      16%        2d6       22%         1
 Magic Dart               Conj           16%        1d3       22%         1
 Ignite Poison            Fire/Tmut/Pois 9%         N/A       22%         3
 Poisonous Vapours        Pois/Air       8%         N/A       32%         2
 Mephitic Cloud           Conj/Pois/Air  4%         N/A       54%         3
 Freezing Cloud           Conj/Ice/Air   2%         6-21      99%         5


Dungeon Overview and Level Annotations

Branches:
Dungeon (4/15)
 Temple: D:4-7

Altars:
Qazlal
Xom

Shops:
D:2 =(   D:4 *

Annotations:
D:3 Ijyb


Innate Abilities, Weirdness & Mutations

You have very sharp teeth.
Your uncanny sense of smell can sniff out nearby items.
Your experience applies equally to all skills.


Message History

HP restored.
A black bear comes into view.
Throw: 11 darts (poison)
Press: ? - help, Q - select action, (/) - cycle Shift-Dir - straight line, f - black bear
Aim: a black bear (wandering, hasn't noticed you, 64% to hit)
You throw a poisoned dart. The poisoned dart hits the black bear.
The black bear is poisoned.
The black bear growls angrily.
Okay, then.
Throw: 10 darts (poison)
Press: ? - help, Q - select action, (/) - cycle Shift-Dir - straight line, f/p - black bear
Aim: a black bear (lightly wounded, poisoned, 64% to hit)
You throw a poisoned dart.
The poisoned dart closely misses the black bear.
Throw: 9 darts (poison)
Press: ? - help, Q - select action, (/) - cycle Shift-Dir - straight line, f/p - black bear
Aim: a black bear (lightly wounded, poisoned, 64% to hit)
You throw a poisoned dart. The poisoned dart hits the black bear.
The black bear looks even sicker.
The black bear is lightly wounded.
There is a stone staircase leading up here.
You climb upwards.
Level annotation: Ijyb
There is a stone staircase leading down here.
You enter the shallow water.
Moving in this stuff is going to be slow.
There is a stone staircase leading down here.
You climb downwards.
Found a book of Vapours.
Found Woja's General Store.
Found a stone staircase leading down.
There is a stone staircase leading up here.
There is an entrance to Woja's General Store here.
You pick up a book of Vapours and begin reading...
You add the spells Poisonous Vapours, Mephitic Cloud and Freezing Cloud to your library.
Okay, then.
Welcome back, BarneyGumball the Gnoll Wanderer.
Press ? for a list of commands and other information.
You are not religious.
Unknown command.
Are you sure you want to abandon this character and quit the game? (Confirm with "yes".)

######
.#######....#
.......@.# #
.#####..8###.#
#.......#
#..>.####
#....##
#8.∩.8#
##...## #.<.#
.........#


There were no monsters in sight!

Vanquished Creatures
  2 adders (D:2)
  2 worms
  13 dart slugs
  6 bats
  4 endoplasms
  4 giant cockroaches
  5 goblins
  5 hobgoblins
  4 jackals
  5 kobolds
  3 quokkas
  4 ball pythons
  4 frilled lizards
  5 rats
  2 butterflies (D:3)
68 creatures vanquished.

Vanquished Creatures (others)
  190 foxfires
190 creatures vanquished.

Grand Total: 258 creatures vanquished

Notes
Turn   | Place    | Note
-------+----------+-------------------------------------------
     0 | D:1      | BarneyGumball the Gnoll Wanderer began the quest for the
                  | Orb.
     0 | D:1      | BarneyGumball set off with the following items: a +0
                  | quarterstaff, 11 poisoned darts, a +0 dagger, a scroll of
                  | teleportation, a +0 leather armour; and the following spell
                  | memorised: Foxfire; and the following spells available to
                  | memorise: Volatile Blastmotes, Ignite Poison.
     0 | D:1      | Reached XP level 1. HP: 13/13 MP: 4/4
   232 | D:1      | Reached XP level 2. HP: 18/19 MP: 5/5
   325 | D:1      | Got antique book
   710 | D:1      | Reached XP level 3. HP: 25/25 MP: 4/7
   911 | D:2      | Reached skill level 1 in Invocations
  1088 | D:2      | Reached skill level 1 in Fighting
  1088 | D:2      | Reached skill level 1 in Short Blades
  1088 | D:2      | Reached skill level 1 in Long Blades
  1088 | D:2      | Reached skill level 1 in Axes
  1088 | D:2      | Reached skill level 1 in Maces & Flails
  1088 | D:2      | Reached skill level 1 in Polearms
  1088 | D:2      | Reached skill level 1 in Ranged Weapons
  1088 | D:2      | Reached skill level 1 in Armour
  1088 | D:2      | Reached skill level 1 in Dodging
  1088 | D:2      | Reached skill level 1 in Stealth
  1088 | D:2      | Reached skill level 1 in Shields
  1088 | D:2      | Reached skill level 1 in Unarmed Combat
  1330 | D:2      | Identified the ring "Nunaloox" {Fire rElec Will+ rCorr
                  | Int+3}
  1443 | D:2      | Reached skill level 1 in Shapeshifting
  1443 | D:2      | Reached XP level 4. HP: 32/32 MP: 3/8
  1553 | D:2      | Found Yrrion's Antique Weapon Emporium.
  1699 | D:2      | Found Raokkaxu's Jewellery Emporium.
  2007 | D:3      | Reached skill level 1 in Conjurations
  2007 | D:3      | Reached skill level 1 in Hexes
  2007 | D:3      | Reached skill level 1 in Summonings
  2007 | D:3      | Reached skill level 1 in Necromancy
  2007 | D:3      | Reached skill level 1 in Translocations
  2007 | D:3      | Reached skill level 1 in Transmutations
  2007 | D:3      | Reached skill level 1 in Ice Magic
  2007 | D:3      | Reached skill level 1 in Air Magic
  2007 | D:3      | Reached skill level 1 in Earth Magic
  2007 | D:3      | Reached skill level 1 in Poison Magic
  2292 | D:3      | Found a shimmering altar of Xom.
  2508 | D:3      | Found a stormy altar of Qazlal.
  2557 | D:3      | Noticed Ijyb
  2950 | D:3      | Reached XP level 5. HP: 26/37 MP: 4/9
  3291 | D:4      | Noticed a black bear
  3348 | D:4      | Found Woja's General Store.
  3357 | D:4      | Upgraded the game from 0.31-a0-774-g0d66cba to
                  | 0.31-a0-791-g6eb203d
  3357 | D:4      | Quit the game

Illustrated notes

Levels and vault maps discovered:
D:1:      scummos_arrival_hexagon, layout_loops_ring
D:2:      layout_loops_corners, serial_shops, shop, nicolae_lakefront_shop,
          minivault_26
D:3:      kennysheep_slugbush, layout_loops_ring, mainiacjoe_overflow_alcove_4,
          xom_butterflies, uniq_ijyb
D:4:      layout_loops_ring, serial_shops, nicolae_stop_n_shop_2, shop,
          grunt_ministairs_10, guppyfry_shop_venom

Skill      XL: |  1  2  3  4 |
---------------+-------------+-----
Invocations    | 1 |  1.5
Fighting       | 1 |  1.3
Short Blades   | 1 |  1.3
Long Blades    | 1 |  1.3
Axes           | 1 |  1.3
Maces & Flails | 1 |  1.3
Polearms       | 1 |  1.3
Ranged Weapons | 1 |  1.3
Armour         | 1 |  1.3
Dodging        | 1 |  1.3
Stealth        | 1 |  1.3
Shields        | 1 |  1.3
Unarmed Combat | 1 |  1.3
Shapeshifting  | 1 |  1.2
Spellcasting   | 3 |  3.1
Conjurations   | 1 |  1.1
Hexes          | 1 |  1.1
Summonings     | 1 |  1.1
Necromancy     | 1 |  1.1
Translocations | 1 |  1.1
Transmutations | 1 |  1.1
Ice Magic      | 1 |  1.1
Air Magic      | 1 |  1.1
Earth Magic    | 1 |  1.1
Poison Magic   | 1 |  1.1
Staves         | |  2.9
Throwing       | |  4.7
Fire Magic     | |  8.8
Evocations     | |  2.9

Action                     |  1- 3 |  4- 6 || total
---------------------------+-------+-------++-------
  Melee: Quarterstaff      |    20 |    12 ||    32
         Bite              |     2 |     1 ||     3
   Fire: Sling             |     7 |       ||     7
  Throw: Dart              |     2 |     3 ||     5
   Cast: Foxfire           |    51 |    67 ||   118
   Stab: Sleeping          |       |     1 ||     1
 Armour: Leather armour    |    21 |    12 ||    33
  Dodge: Dodged            |     8 |     5 ||    13

Table legend: (Time is in decaauts)
 A = Elapsed time spent in this place.
 B = Non-inter-level travel time spent in this place.
 C = Inter-level travel time spent in this place.
 D = Time resting spent in this place.
 E = Time spent auto-exploring this place.
 F = Levels seen in this place.
 G = Mean time per level.
                   A        B        C        D        E       F      G
               +--------+--------+--------+--------+--------+-----+--------+
         Total |   3379 |   3187 |    192 |     75 |   2711 |   4 |  844.8 |
       Dungeon |   3379 |   3187 |    192 |     75 |   2711 |   4 |  844.8 |
               +--------+--------+--------+--------+--------+-----+--------+

Top non-repeatable levels by time:
     D:3: 1263 daAuts
     D:2: 1225 daAuts
     D:1: 841 daAuts
     D:4: 48 daAuts
